 Dungeon Crawl Stone Soup version 0.19-a0-1051-gdb7e7f8 (webtiles) character file.

39048 Kaname the Carver (level 13, 0/83 HPs)
             Began as a High Elf Wanderer on Aug 1, 2016.
             Was a High Priest of Vehumet.
             Killed from afar by an efreet (33 damage)
             ... with a fireball
             ... on level 13 of the Dungeon on Aug 2, 2016.
             The game lasted 01:30:09 (15828 turns).

Kaname the Carver (High Elf Wanderer)              Turns: 15828, Time: 01:30:09

Health: 0/83       AC: 16    Str: 15    XL:     13   Next: 67%
Magic:  1/27       EV: 12    Int: 29    God:    Vehumet [*****.]
Gold:   515        SH:  8    Dex: 10    Spells: 8 memorised, 6 levels left

rFire  . . .     SeeInvis +     K - +10 rapier of Hepliaklqana's Favour {venom, +Rage Int+5 Dex-2}
rCold  . . .     Gourm    .     w - +4 scale mail of Starshine {+Inv Dex-2 SInv}
rNeg   . . .     Faith    .     (no shield)
rPois  +         Spirit   .     (no helmet)
rElec  .         Dismiss  .     S - +1 cloak
rCorr  .         Reflect  +     N - +0 pair of gloves
SustAt .         Harm     .     (no boots)
MR     +....     Rnd*Rage +     j - +6 amulet of reflection
Stlth  ++........               C - +3 ring of intelligence
                                M - ring of wizardry

@: somewhat resistant to hostile enchantments, unstealthy
A: large bone plates 1, molten scales 1, berserk 1, blink, blurry vision 1,
clever 1, deformed body, poison resistance, subdued magic 1
a: Blink, Renounce Religion, Evoke Berserk Rage, Evoke Invisibility


You were on level 13 of the Dungeon.
You worshipped Vehumet.
Vehumet was extremely pleased with you.
You were not hungry.

You visited 1 branch of the dungeon, and saw 13 of its levels.
You also visited: Labyrinth.

You collected 648 gold pieces.
You spent 133 gold pieces at shops.

Inventory:

Hand Weapons
 K - the +10 rapier of Hepliaklqana's Favour (weapon) {venom, +Rage Int+5 Dex-2}
   (You found it on level 5 of the Dungeon)

   It poisons the flesh of those it strikes.
   It affects your intelligence (+5).
   It affects your dexterity (-2).
   It lets you go berserk.
 Q - a +0 long sword
Armour
 w - the +4 scale mail of Starshine (worn) {+Inv Dex-2 SInv}
   (You found it on level 9 of the Dungeon)

   It affects your dexterity (-2).
   It lets you see invisible.
   It lets you turn invisible.
 N - a +0 pair of gloves (worn)
 S - a +1 cloak (worn)
Rods
 A - a -1 rod of inaccuracy (10/10)
   (You took it off a minotaur in a labyrinth)
Jewellery
 c - an uncursed ring of wizardry
 j - a +6 amulet of reflection (around neck)
 C - a +3 ring of intelligence (right hand)
 M - a ring of wizardry (left hand)
Wands
 d - a wand of paralysis (17/24)
 e - a wand of enslavement (7/24)
 q - a wand of digging (17/24)
 y - a wand of heal wounds (0/9)
 D - a wand of flame (22/48)
 I - a wand of confusion (34/48)
 O - a wand of slowing (18/48)
 Y - a wand of acid (3/15)
Scrolls
 a - 3 scrolls of fog
 h - 4 scrolls of teleportation
 i - a scroll of recharging
 k - a scroll of fear {unknown}
 l - 6 scrolls of amnesia
 r - 2 scrolls of magic mapping
 s - 4 scrolls of remove curse
 t - 3 scrolls of enchant weapon
 z - a scroll of vulnerability {unknown}
 U - a scroll of immolation {unknown}
 W - 2 scrolls of brand weapon {unknown}
Potions
 g - a potion of might
 m - 2 potions of ambrosia
 p - a potion of haste
 E - 3 potions of resistance
 G - 2 potions of flight
 V - 2 potions of lignification
 X - a potion of degeneration {unknown}
Books
 P - a book of Fire

   Spells                             Type                      Level
   a - Ignite Poison                  Fire/Transmutation/Poison    3
   b - Fireball                       Conjuration/Fire             5
   c - Bolt of Fire                   Conjuration/Fire             6
   d - Delayed Fireball               Conjuration/Fire             7
   e - Ring of Flames                 Charms/Fire                  7
Comestibles
 f - 14 bread rations
 o - 9 royal jellies
 u - 12 chunks of flesh
 F - 7 meat rations


   Skills:
 - Level 6.0 Fighting
 - Level 11.1 Long Blades
   Level 2.6 Bows
 - Level 1.0 Throwing
 - Level 6.0 Armour
 - Level 8.5 Dodging
 - Level 6.2 Stealth
 - Level 1.0 Unarmed Combat
 + Level 9.8 Spellcasting
 - Level 10.0 Conjurations
 - Level 6.3 Necromancy
 - Level 6.1 Fire Magic
 * Level 5.6 Earth Magic


You had 6 spell levels left.
You knew the following spells:

 Your Spells              Type           Power        Failure   Level  Hunger
a - Fireball              Conj/Fire      #####.....   1%          5    ###....
b - Sting                 Conj/Pois      ####         1%          1    None
c - Delayed Fireball      Conj/Fire      N/A          61%         7    ######.
d - Shock                 Conj/Air       ####         1%          1    None
e - Throw Icicle          Conj/Ice       ####....     2%          4    None
f - Bolt of Draining      Conj/Necr      #####.....   1%          5    ###....
g - Song of Slaying       Chrm           ##......     9%          2    None
h - Lee's Rapid Deconstr  Erth           #####.....   4%          5    ###....


Dungeon Overview and Level Annotations

Branches:
Dungeon (13/15)            Temple (0/1) D:7            Lair (0/6) D:11
    Orc (0/2) D:9
 Vaults: D:13-14

Altars:
Ashenzari
Cheibriados
Dithmenos
Elyvilon
Fedhas
Gozag
Hepliaklqana
Makhleb
Nemelex Xobeh
Pakellas
Qazlal
Ru
Sif Muna
Trog
Uskayaw
Vehumet
Xom
Yredelemnul
The Shining One

Shops:
D:4 *   D:5 ?   D:6 }   D:8 (


Innate Abilities, Weirdness & Mutations

You are partially covered in large bone plates. (AC +2, SH +2)
You are partially covered in molten scales. (AC +2)
You tend to lose your temper in combat.
You can translocate small distances at will.
Scrolls take you a little longer to read.
Your mind is acute. (Int +2)
Armour fits poorly on your strangely shaped body.
Your system is resistant to poisons. (rPois)
Your spells are a little easier to cast, but a little less powerful.


Message History

The efreet is moderately wounded.
The efreet hits you with a scimitar of flaming.
The efreet burns you.
Casting: Throw Icicle
Confirm with . or Enter, or press ? or * to list all spells.
Aiming: Throw Icicle
Press: ? - help, Shift-Dir - straight line, f/p - efreet
Aim: an efreet, wielding a scimitar of flaming (moderately wounded)
The shard of ice misses the efreet.
The efreet barely misses you.
You hit the efreet but do no damage.
The efreet is moderately wounded.
The efreet gestures at you. The bolt of fire hits you!
You hit the efreet.
The efreet is heavily wounded.
You puncture the efreet!
The efreet is almost dead.
The efreet gestures at you.
The fireball explodes!
The fireball engulfs you!
You die...

###############
#..@R.##......#
#.###.####.##.#
#.#...<....##.#
#####.#'#########.######
........................
.....R.....######....###
≈≈≈§≈≈≈≈)≈≈≈≈≈≈≈####.#
≈≈≈≈≈≈≈≈≈≈≈≈≈≈### #.#
≈≈≈≈§≈≈≈≈≈≈≈≈≈≈≈####.###


You could see an efreet.

Vanquished Creatures
  A minotaur (Lab)
  Erica (D:10)
  2 hydras
  2 centaur warriors (D:13)
  An unseen horror (D:13)
  The ghost of Fv001 the Magician, a novice DsWz of Dithmenos (D:7)
  4 hill giants
  4 ugly things
  A cyclops (D:12)
  3 manticores
  A gargoyle (D:13)
  A yaktaur (D:13)
  The ghost of Mulkerokala the Stinger, a novice OpVM (D:4)
  3 trolls
  A queen bee (D:9)
  3 slime creatures (D:13)
  4 shadows (Lab)
  4 redbacks (Lab)
  A vampire (D:11)
  A spriggan (D:7)
  A wraith (D:13)
  A wyvern (D:12)
  Eustachio (D:6)
  2 water elementals (D:13)
  13 yaks
  A basilisk (D:12)
  3 wargs (D:11)
  A vampire mosquito (D:13)
  3 sky beasts
  3 black bears
  5 orc warriors
  An eye of draining (D:13)
  3 ogres
  5 phantoms
  4 ice beasts
  19 centaurs
  A crocodile (D:7)
  A big kobold (D:10)
  9 giant frogs
  5 scorpions
  A scorpion (shapeshifter) (D:5)
  33 killer bees
  17 wights
  3 howler monkeys
  8 electric eels
  A centaur zombie (D:9)
  A giant frog zombie (D:8)
  Crazy Yiuf (D:4)
  A quasit (D:9)
  7 crimson imps
  3 jellies
  10 orc priests
  8 hounds
  A centaur skeleton (D:10)
  12 orc wizards
  4 giant frog skeletons
  8 iguanas
  12 worker ants
  2 hound zombies
  A worker ant zombie (D:8)
  8 gnolls
  9 adders
  A howler monkey skeleton (D:11)
  A shadow imp (D:7)
  2 oozes
  An adder skeleton (D:4)
  5 worms
  2 dart slugs (D:2)
  7 giant geckos
  37 orcs
  5 giant cockroaches
  10 goblins
  5 hobgoblins
  14 jackals
  14 kobolds
  6 quokkas
  3 ball pythons
  5 bats
  A giant cockroach zombie (D:5)
  5 giant newts
  A jackal skeleton (D:5)
  A quokka skeleton (D:8)
  6 rats
  A spectral orc (D:2)
406 creatures vanquished.

Vanquished Creatures (others)
  2 centaur warriors (D:13)
  A cyclops (D:13)
  3 centaurs
  A wight (D:13)
  An orc (D:10)
8 creatures vanquished.

Grand Total: 414 creatures vanquished

Notes
Turn   | Place    | Note
-------+----------+-------------------------------------------
     0 | D:1      | Kaname the High Elf Wanderer began the quest for the Orb.
     0 | D:1      | Kaname set off with: a +2 shortbow, 26 arrows, a +0 mace, a potion of lignification, a +0 robe, a bread ration
     0 | D:1      | Reached XP level 1. HP: 17/17 MP: 2/2
   123 | D:1      | Reached XP level 2. HP: 20/22 MP: 3/3
   672 | D:1      | Reached XP level 3. HP: 27/27 MP: 4/4
   900 | D:2      | Found a sparkling altar of Nemelex Xobeh.
  1022 | D:2      | Reached skill level 5 in Fighting
  1025 | D:2      | Reached XP level 4. HP: 26/35 MP: 5/5
  1333 | D:2      | Found a basalt altar of Yredelemnul.
  1565 | D:2      | Found a burning altar of Makhleb.
  1810 | D:3      | Found a stormy altar of Qazlal.
  1811 | D:3      | Noticed a fire elemental
  1812 | D:3      | Noticed a water elemental
  1817 | D:3      | Noticed an earth elemental
  1820 | D:3      | Noticed an air elemental
  1993 | D:3      | Reached XP level 5. HP: 39/39 MP: 6/6
  2500 | D:3      | Found a shattered altar of Ashenzari.
  2747 | D:3      | Reached XP level 6. HP: 39/46 MP: 7/7
  2826 | D:3      | Found a shimmering altar of Xom.
  2879 | D:3      | Reached skill level 5 in Stealth
  3072 | D:3      | Reached skill level 1 in Spellcasting
  3161 | D:4      | Found Muluy's Assorted Antiques.
  3207 | D:4      | Noticed Mulkerokala's ghost (novice OpVM)
  3668 | D:4      | Reached XP level 7. HP: 50/52 MP: 10/12
  3794 | D:4      | Found a glowing golden altar of the Shining One.
  3837 | D:4      | Found a runed door.
  3842 | D:4      | Noticed Crazy Yiuf
  3856 | D:4      | Killed Crazy Yiuf
  3928 | D:4      | Reached skill level 1 in Long Blades
  3947 | D:4      | Reached skill level 2 in Long Blades
  4063 | D:4      | Killed Mulkerokala's ghost
  4063 | D:4      | Reached skill level 3 in Long Blades
  4132 | D:4      | Reached skill level 4 in Long Blades
  4150 | D:4      | Reached skill level 5 in Spellcasting
  4208 | D:4      | Found a hazy altar of Hepliaklqana.
  4298 | D:3      | Found a shimmering altar of Xom.
  4375 | D:5      | Entered Level 5 of the Dungeon
  4380 | D:5      | Reached XP level 8. HP: 44/57 MP: 16/16
  4438 | D:5      | Reached skill level 5 in Long Blades
  4481 | D:5      | Found an opulent altar of Gozag.
  4685 | D:5      | Found a white marble altar of Elyvilon.
  4695 | D:5      | Found a deep blue altar of Sif Muna.
  4734 | D:5      | Found Ulunluzu's Magic Scroll Boutique.
  4739 | D:5      | Bought a scroll of blinking for 105 gold pieces
  4739 | D:5      | Bought a scroll of identify for 28 gold pieces
  5223 | D:5      | Reached skill level 6 in Long Blades
  5235 | D:5      | Got an iridescent rapier
  5236 | D:5      | Identified the +10 rapier of Hepliaklqana's Favour {venom, +Rage Int+5 Dex-2} (You found it on level 5 of the Dungeon)
  5252 | D:5      | Found a radiant altar of Vehumet.
  5265 | D:5      | Became a worshipper of Vehumet
  5840 | D:6      | Found an oddly glowing altar of Pakellas.
  5840 | D:6      | Found Pakellas's Prime Provisions.
  6028 | D:6      | Learned a level 5 spell: Fireball
  6092 | D:6      | Found a blossoming altar of Fedhas.
  6120 | D:6      | Found a hide-covered altar of Uskayaw.
  6161 | D:6      | Reached skill level 1 in Conjurations
  6205 | D:6      | Reached XP level 9. HP: 62/62 MP: 21/21
  6334 | D:6      | Noticed Eustachio
  6337 | D:6      | Found a shadowy altar of Dithmenos.
  6339 | D:6      | Killed Eustachio
  6339 | D:6      | Reached * piety under Vehumet
  6339 | D:6      | Offered knowledge of Sting by Vehumet.
  6342 | D:6      | Learned a level 1 spell: Sting
  6815 | D:7      | Reached skill level 7 in Long Blades
  6846 | D:7      | Learned a level 7 spell: Delayed Fireball
  6922 | D:7      | Found a staircase to the Ecumenical Temple.
  6967 | D:7      | Got a brightly glowing ring mail
  6978 | D:7      | Identified the +8 ring mail of the Circus Animal {Str+2} (You took it off a wight on level 7 of the Dungeon)
  7139 | D:7      | Noticed Fv001's ghost (novice DsWz)
  7167 | D:7      | Killed Fv001's ghost
  7167 | D:7      | Reached skill level 8 in Long Blades
  7171 | D:7      | Found a snail-covered altar of Cheibriados.
  7245 | D:7      | Reached skill level 1 in Fire Magic
  7511 | D:7      | Reached ** piety under Vehumet
  7511 | D:7      | Offered knowledge of Shock by Vehumet.
  7516 | D:7      | Learned a level 1 spell: Shock
  7828 | D:8      | Reached XP level 10. HP: 64/68 MP: 23/23
  7875 | D:8      | Found Kugesidgh's Weapon Emporium.
  7941 | D:8      | Found a sacrificial altar of Ru.
  8269 | D:9      | Offered knowledge of Throw Flame by Vehumet.
  8270 | D:9      | Reached *** piety under Vehumet
  8271 | D:9      | Reached skill level 9 in Long Blades
  8278 | D:9      | Reached skill level 5 in Fire Magic
  8317 | D:9      | Found a staircase to the Orcish Mines.
  8356 | D:9      | Got an encrusted scale mail
  8367 | D:9      | Identified the +4 scale mail of Starshine {+Inv Dex-2 SInv} (You found it on level 9 of the Dungeon)
  8435 | D:9      | Found a bloodstained altar of Trog.
  8714 | D:9      | Found a glowing golden altar of the Shining One.
  8985 | D:10     | Entered Level 10 of the Dungeon
  9003 | D:10     | Offered knowledge of Throw Icicle by Vehumet.
  9030 | D:10     | Reached skill level 5 in Armour
  9199 | D:10     | Learned a level 4 spell: Throw Icicle
  9334 | D:10     | Noticed Erica
  9353 | D:10     | Killed Erica
  9353 | D:10     | Reached skill level 10 in Long Blades
  9353 | D:10     | Reached XP level 11. HP: 54/72 MP: 24/24
  9401 | D:10     | Reached **** piety under Vehumet
  9572 | D:10     | Noticed a hill giant
  9589 | D:10     | Killed a hill giant
  9668 | D:10     | Offered knowledge of Bolt of Draining by Vehumet.
  9678 | D:10     | Learned a level 5 spell: Bolt of Draining
 10113 | D:11     | Noticed a purple ugly thing
 10119 | D:11     | Killed a purple ugly thing
 10126 | D:11     | Gained mutation: Your mind is acute. (Int +2) [mutagenic meat]
 10257 | D:11     | Found a staircase to the Lair.
 10418 | D:11     | Reached skill level 1 in Necromancy
 10909 | D:11     | Reached skill level 11 in Long Blades
 10948 | D:11     | Noticed a green ugly thing
 10957 | D:11     | Killed a green ugly thing
 11616 | D:12     | Noticed a six-headed hydra
 11633 | D:12     | Killed a six-headed hydra
 11651 | D:12     | Found a labyrinth entrance.
 11675 | Lab      | Entered a labyrinth
 12136 | Lab      | Reached XP level 12. HP: 24/79 MP: 25/25
 12695 | Lab      | Noticed a minotaur
 12714 | Lab      | Killed a minotaur
 12714 | Lab      | Reached skill level 5 in Necromancy
 12726 | Lab      | Identified the Disquisition on Benedictions
 12731 | Lab      | Learned a level 2 spell: Song of Slaying
 12997 | D:12     | Reached XP level 13. HP: 46/83 MP: 20/26
 13808 | D:12     | Reached ***** piety under Vehumet
 13977 | D:13     | Upgraded the game from 0.19-a0-1050-g8e71ee3 to 0.19-a0-1051-gdb7e7f8
 14064 | D:13     | Offered knowledge of Lee's Rapid Deconstruction by Vehumet.
 14071 | D:13     | Learned a level 5 spell: Lee's Rapid Deconstruction
 14310 | D:13     | Reached skill level 10 in Conjurations
 14411 | D:13     | Reached skill level 1 in Earth Magic
 14631 | D:13     | Gained mutation: Armour fits poorly on your strangely shaped body. [mutagenic meat]
 14634 | D:13     | Gained mutation: Scrolls take you a little longer to read. [mutagenic meat]
 14637 | D:13     | Gained mutation: Your mind is very acute. (Int +4) [mutagenic meat]
 14643 | D:13     | Gained mutation: You tend to lose your temper in combat. [mutagenic meat]
 15191 | D:13     | Lost mutation: Your mind is very acute. (Int +4) [potion of mutation]
 15191 | D:13     | Gained mutation: Your body sometimes deteriorates upon taking damage. [potion of mutation]
 15191 | D:13     | Gained mutation: Your spells are a little easier to cast, but a little less powerful. [potion of mutation]
 15192 | D:13     | Gained mutation: Your system is resistant to poisons. (rPois) [potion of mutation]
 15192 | D:13     | Gained mutation: You are frail. (-10% HP) [potion of mutation]
 15216 | D:13     | Lost mutation: You are frail. (-10% HP) [mutagenic meat]
 15219 | D:13     | Lost mutation: Your body sometimes deteriorates upon taking damage. [mutagenic meat]
 15222 | D:13     | Gained mutation: You are partially covered in molten scales. (AC +2) [mutagenic meat]
 15228 | D:13     | Gained mutation: You have a pair of small horns on your head. [mutagenic meat]
 15231 | D:13     | Gained mutation: You are partially covered in large bone plates. (AC +2, SH +2) [mutagenic meat]
 15394 | D:13     | Gained mutation: You are agile. (Dex +2) [mutagenic meat]
 15411 | D:13     | Lost mutation: You are agile. (Dex +2) [mutagenic meat]
 15528 | D:13     | Gained mutation: You can translocate small distances at will. [mutagenic meat]
 15531 | D:13     | Lost mutation: You have a pair of small horns on your head. [mutagenic meat]
 15626 | D:13     | Reached skill level 5 in Earth Magic
 15828 | D:13     | Killed from afar by an efreet

Vault maps used:
D:1:      nagdon_arrival_zigzag_paths
D:2:      yredelemnul_forgotten_temple_becter, overflow_temple_1_default,
          first_bread, corner_web_ring, makhleb_blood_cavern_becter
D:3:      lemuel_upstairs_altar, cheibrodos_ashenzari_chains,
          nicolae_qazlal_style_of_elements, led_xom_imps
D:4:      tso_metal_star, lemuel_coloured_pillars_altar, serial_shops, shop,
          uniq_crazy_yiuf_cottage
D:5:      lemuel_round_altar, nicolae_overflow_crystal_walls,
          amethyst_overflow_temple_binary, serial_shops, kennysheep_little_box
D:6:      fedhas_altar_3, eat_drink_and_be_merry_uskayaw,
          johnstein_pakellas_shop, grunt_dithmenos_smoke_and_mirrors,
          uniq_eustachio
D:7:      cheibrodos_worm_habitat, the_bakery, minmay_checkerbox
D:8:      hangedman_ru_absence, serial_shops, kennysheep_mini_moat,
          kennysheep_generic_room_13
D:9:      bloody_trog, orc_0_dummy, lemuel_centaur_altar
D:10:     uniq_erica
D:11:     erik_lair_orcish_takeover
D:12:     lab_entry_generic
D:13:     minmay_blocking_statues, uniq_sonja
Lab:      labyrinth_watery, nicolae_lab_dead_end, nicolae_lab_blocks,
          nicolae_lab_arrow, lab_hedge, nicolae_lab_starburst, nicolae_lab_plus,
          nicolae_lab_x

Skill      XL: |  1  2  3  4  5  6  7  8  9 10 11 12 13 |
---------------+----------------------------------------+-----
Stealth        | 2 3 4 6 |  6.2
Fighting       | 5 6 |  6.0
Spellcasting   | 2 5 7 8 9 |  9.8
Long Blades    | 4 6 8 10 11 | 11.1
Conjurations   | 2 6 8 9 10 | 10.0
Armour         | 2 5 6 |  6.0
Fire Magic     | 2 6 |  6.1
Necromancy     | 4 5 6 |  6.3
Dodging        | 8 |  8.5
Earth Magic    | 5 |  5.6
Bows           | |  2.6
Throwing       | |  1.0
Unarmed Combat | |  1.0

Action                   |  1- 3 |  4- 6 |  7- 9 | 10-12 | 13-15 || total
-------------------------+-------+-------+-------+-------+-------++-------
Melee: Mace              |    79 |   279 |       |       |       ||   358
       Dagger            |       |    29 |     5 |       |       ||    34
       Quarterstaff      |       |       |   109 |       |       ||   109
       Rapier            |       |       |   176 |   353 |   189 ||   718
       Punch             |       |       |       |     2 |       ||     2
       Headbutt          |       |       |       |       |     7 ||     7
 Fire: Shortbow          |    16 |    79 |       |       |       ||    95
       Blowgun           |       |    22 |     9 |       |       ||    31
 Cast: Fireball          |       |       |       |    35 |    38 ||    73
       Throw Icicle      |       |       |       |     2 |     7 ||     9
       Bolt of Draining  |       |       |       |     1 |    13 ||    14
       Song of Slaying   |       |       |       |       |     1 ||     1
Evoke: Wand              |       |       |       |     2 |     1 ||     3
  Use: Potion            |       |     1 |     2 |    14 |     4 ||    21
       Scroll            |       |     3 |     7 |     4 |     7 ||    21
 Stab: Sleeping          |     2 |       |     7 |     3 |       ||    12
       Confused          |       |       |     1 |       |       ||     1
       Petrifying        |       |       |     2 |       |       ||     2
       Invisible         |       |       |       |    11 |     2 ||    13
  Eat: Chunk             |       |     9 |    14 |    17 |    24 ||    64
       Meat ration       |       |       |       |     1 |       ||     1
       Fruit             |       |       |       |    10 |       ||    10
       Pizza             |       |       |       |       |     2 ||     2
       Beef jerky        |       |       |       |       |     2 ||     2
Armor: Robe              |    21 |       |       |       |       ||    21
       Scale mail        |     7 |   193 |    82 |   109 |    48 ||   439
       Skin              |       |    30 |       |       |       ||    30
       Ring mail         |       |       |    23 |    20 |       ||    43
Dodge: Dodged            |    45 |   129 |    78 |   145 |    77 ||   474
Block: Other             |    21 |   116 |    71 |    82 |    43 ||   333
       Reflection        |       |     3 |     3 |     6 |     9 ||    21
